 Dungeon Crawl Stone Soup version 0.21-a0-442-g848f44b (webtiles) character file.

245 tof the Twirler (level 5, -2/41 HPs)
             Began as a Demonspawn Gladiator on Nov 12, 2017.
             Slain by Grinder (10 damage)
             ... while paralysed by Grinder
             ... on level 4 of the Dungeon.
             The game lasted 00:03:29 (1746 turns).

tof the Twirler (Demonspawn Gladiator)              Turns: 1746, Time: 00:03:30

Health: -2/41      AC:  7    Str: 14    XL:     5   Next: 84%
Magic:  5/5        EV:  2    Int:  9    God:
Gold:   121        SH:  0    Dex: 16    Spells: 4/4 levels left

rFire    . . .     SeeInvis .   a - +0 quarterstaff
rCold    + . .     Gourm    .   (shield currently unavailable)
rNeg     . . .     Faith    .   e - +1 leather armour {rC+}
rPois    .         Spirit   .   (helmet restricted)
rElec    .         Reflect  .   (no cloak)
rCorr    .         Harm     .   i - +0 pair of gloves
MR       .....                  (no boots)
Stlth    +.........             (no amulet)
HPRegen  0.13/turn              (no ring)
MPRegen  0.09/turn              (no ring)

@: paralysed
A: horns 1, yellow scales 1
a: no special abilities


You were on level 4 of the Dungeon.
You were hungry.

You visited 1 branch of the dungeon, and saw 4 of its levels.

You collected 121 gold pieces.

Inventory:

Hand Weapons
 a - a +0 quarterstaff (weapon)
Missiles
 d - 4 throwing nets (quivered)
Armour
 b - a +0 leather armour
 c - a +0 helmet
 e - a +1 leather armour of cold resistance (worn)
 i - a +0 pair of gloves (worn)
Scrolls
 h - 3 scrolls of identify {unknown}
 k - 2 scrolls of fog {unknown}
 o - a scroll of remove curse {unknown}
Potions
 j - a potion of brilliance {unknown}
 l - a potion of mutation {unknown}
 p - a potion of experience {unknown}
Comestibles
 f - a bread ration
 g - a royal jelly
 m - a fruit
 n - a meat ration


   Skills:
 + Level 3.2 Fighting
 * Level 4.3 Staves
 - Level 1.7 Throwing
 + Level 2.0 Armour
 + Level 3.6 Dodging


You had 4 spell levels left.
You didn't know any spells.

Dungeon Overview and Level Annotations

Branches:
Dungeon (4/15)
 Temple: D:4-7

Altars:

Annotations:
D:3 tof's ghost, amateur DsGl
D:4 Grinder


Innate Abilities, Weirdness & Mutations

You have a pair of small horns on your head.
You are partially covered in yellow scales. (AC +2)


Message History

You sock Grinder! You headbutt Grinder.
Grinder is moderately wounded.
Grinder hits you!
You writhe in agony.
You sock Grinder! Your headbutt misses Grinder.
Grinder is heavily wounded.
Grinder gestures at you. Pain shoots through your body!
* * * LOW HITPOINT WARNING * * *
You closely miss Grinder. You headbutt Grinder.
Grinder is severely wounded.
Grinder completely misses you.
You hit Grinder but do no damage. Your headbutt misses Grinder.
Grinder is severely wounded.
Grinder barely misses you.
You hit Grinder.
Grinder is severely wounded.
Grinder gestures at you.
You suddenly lose the ability to move!
Grinder hits you!
You die...

#..W..........#
###.###.##...##.#...
#...# #..##........
..######......#.#.##
.....#............. #
...........#.....# .##
..............#..#####...
#...<#####...............
###### ##.....@.(..#... #
###.###5....... . #.#
#.....## ## #.###..#....
#......# .#. #......##.##
.. ...####..#.# . .
...... #.......


You could see Grinder.

Vanquished Creatures
  A phantom (D:3)
  A howler monkey (D:4)
  A hound (D:3)
  An iguana (D:4)
  2 adders
  An ooze (D:3)
  A worm (D:4)
  3 orcs (D:4)
  3 bats (D:1)
  A giant cockroach (D:1)
  A goblin (D:3)
  5 hobgoblins
  2 jackals (D:4)
  A quokka (D:2)
  A frilled lizard (D:2)
  6 kobolds
  4 rats
35 creatures vanquished.

Notes
Turn   | Place    | Note
-------+----------+-------------------------------------------
     0 | D:1      | tof the Demonspawn Gladiator began the quest for the Orb.
     0 | D:1      | Reached XP level 1. HP: 16/16 MP: 1/1
   330 | D:1      | Gained mutation: You have a pair of small horns on your head. [demonic ancestry]
   330 | D:1      | Reached XP level 2. HP: 22/22 MP: 2/2
   342 | D:1      | Reached skill level 3 in Staves
   882 | D:2      | Gained mutation: You are partially covered in yellow scales. (AC +2) [demonic ancestry]
   882 | D:2      | Reached XP level 3. HP: 24/28 MP: 3/3
  1120 | D:3      | Noticed tof's ghost (amateur DsGl)
  1278 | D:4      | Reached skill level 1 in Armour
  1357 | D:4      | Reached XP level 4. HP: 30/34 MP: 4/4
  1398 | D:4      | Noticed a phantom
  1401 | D:4      | Noticed a phantom
  1693 | D:3      | Killed a phantom
  1693 | D:3      | Reached skill level 4 in Staves
  1693 | D:3      | Reached XP level 5. HP: 40/41 MP: 5/5
  1730 | D:4      | Noticed Grinder
  1745 | D:4      | Paralysed by Grinder for 5 turns
  1746 | D:4      | Slain by Grinder

Vault maps used:
D:1:      dpeg_arrival_pits, minmay_misc_feat_pillars
D:3:      first_bread
D:4:      serial_shops, kennysheep_little_box, uniq_menkaure, uniq_grinder

Skill      XL: |  1  2  3  4  5 |
---------------+----------------+-----
Staves         | 3 4 |  4.3
Dodging        | 3 |  3.6
Armour         | 1 2 |  2.0
Fighting       | 3 |  3.2
Throwing       | |  1.7

Action                   |  1- 3 |  4- 6 || total
-------------------------+-------+-------++-------
Melee: Quarterstaff      |    70 |    59 ||   129
       Headbutt          |     5 |    18 ||    23
  Eat: Chunk             |     1 |     1 ||     2
Armor: Leather armour    |    33 |    15 ||    48
Dodge: Dodged            |    51 |    39 ||    90

Table legend:
 A = Spawn XP
 B = Non-spawn XP
 C = Spawn XP percentage of total XP
 D = Spawn monster count
 E = Non-spawn monster count
 F = Spawn count percentage of total count
 G = Total turns spent on level
                    A         B        C        D         E        F      G
               +---------+---------+-------+---------+---------+-------+---------
         Total |       0 |     351 |   0.0 |       0 |      35 |   0.0 |  1746
               +---------+---------+-------+---------+---------+-------+---------
           D:1 |       0 |      15 |   0.0 |       0 |       9 |   0.0 |   514
           D:2 |       0 |      29 |   0.0 |       0 |      11 |   0.0 |   706
           D:3 |       0 |     190 |   0.0 |       0 |       6 |   0.0 |   307
           D:4 |       0 |     117 |   0.0 |       0 |       9 |   0.0 |   219
               +---------+---------+-------+---------+---------+-------+---------
